 Dungeon Crawl Stone Soup version 0.21-a0-135-g8dc100c (webtiles) character file.

105 tehllama the Digger (level 4, -7/24 HPs)
             Began as a Gargoyle Earth Elementalist on July 18, 2017.
             Mangled by Sigmund
             ... wielding a +0 scythe
              (12 damage)
             ... on level 2 of the Dungeon.
             The game lasted 00:04:40 (2283 turns).

tehllama the Digger (Gargoyle Earth Elementalist)   Turns: 2283, Time: 00:04:41

Health: -7/24      AC:  5    Str: 12    XL:     4   Next: 81%
Magic:  1/8        EV: 12    Int: 16    God:
Gold:   116        SH:  0    Dex: 10    Spells: 5/9 levels left

rFire    . . .     SeeInvis .   h - +0 mace
rCold    . . .     Gourm    .   (no shield)
rNeg     + . .     Faith    .   c - +0 robe
rPois    ∞         Spirit   .   (no helmet)
rElec    +         Reflect  .   (no cloak)
rCorr    .         Harm     .   (no gloves)
MR       .....                  (no boots)
Stlth    ++........             (no amulet)
HPRegen  0.08/turn              (no ring)
MPRegen  0.11/turn              (no ring)

@: hasted, very quick
A: negative energy resistance 1, electricity resistance, unbreathing,
petrification resistance, rot immunity, AC +3
a: no special abilities


You were on level 2 of the Dungeon.
You were not hungry.

You visited 1 branch of the dungeon, and saw 2 of its levels.

You collected 116 gold pieces.

Inventory:

Hand Weapons
 h - a +0 mace (weapon)
Missiles
 b - 144 stones (quivered)
Armour
 c - a +0 robe (worn)
 m - +0 swamp dragon scales
Scrolls
 g - a scroll of remove curse {unknown}
Potions
 j - a potion of brilliance
Books
 e - a book of Geomancy

   Spells                             Type                      Level
   a - Sandblast                      Earth                        1
   b - Passwall                       Transmutation/Earth          2
   c - Stone Arrow                    Conjuration/Earth            3
   d - Petrify                        Transmutation/Earth          4
   e - Lee's Rapid Deconstruction     Earth                        5
Comestibles
 d - a bread ration
 f - 5 chunks of flesh
 k - 4 fruits
 l - a royal jelly


   Skills:
 - Level 1.5 Dodging
 - Level 2.1 Stealth
 + Level 3.3 Spellcasting
 + Level 1.8 Conjurations
   Level 0.7 Transmutations
 + Level 4.8 Earth Magic


You had 5 spell levels left.
You knew the following spells:

 Your Spells              Type           Power        Failure   Level  Hunger
a - Sandblast             Erth           ###...       2%          1    None
b - Stone Arrow           Conj/Erth      ##....       14%         3    ###....


Dungeon Overview and Level Annotations

Branches:
Dungeon (2/15)

Altars:
Jiyva

Annotations:
D:2 Sigmund


Innate Abilities, Weirdness & Mutations

You are resistant to torment.
Your stone body is resilient. (AC +3)
You are immune to poison.
You resist negative energy. (rN+)
You are resistant to electric shocks. (rElec)
You can survive without breathing.
You are immune to petrification.
You are immune to rotting.


Message History

Aiming: Sandblast
Press: ? - help, Shift-Dir - straight line, f/p - Sigmund
Aim: Sigmund, wielding a scythe and wearing a robe (severely wounded)
The blast of sand hits Sigmund.
Sigmund is almost dead.
b - 144 stones Sigmund hits you with a scythe.
Casting: Sandblast
Confirm with . or Enter, or press ? or * to list all spells.
You don't know that spell.
You barely miss Sigmund.
Sigmund is almost dead.
Sigmund mumbles some strange words.
Sigmund flickers and vanishes!
Deactivating autopickup; reactivate with Ctrl-A.
You closely miss something. Something hits you!
* * * LOW HITPOINT WARNING * * *
You feel yourself speed up. Something hits you!
Ouch! That really hurt!
You die...

##.#### ... ...
#.# ##.. #.# .
########.#
......##.##
#..#.....
#....##.####.#
##.......@{...#
.###......#.######
.....#......#
#......### #.#
##....## #.#
#..### #.# ##..###
#.# #.....# #.#
#.....### #.##


There were no monsters in sight!

Vanquished Creatures
  Natasha (D:2)
  2 adders (D:2)
  A worm (D:2)
  2 dart slugs (D:1)
  2 leopard geckos (D:2)
  7 bats
  6 goblins
  8 hobgoblins
  3 jackals (D:2)
  A quokka (D:1)
  3 frilled lizards
  8 kobolds
  8 rats
52 creatures vanquished.

Notes
Turn   | Place    | Note
-------+----------+-------------------------------------------
     0 | D:1      | tehllama the Gargoyle Earth Elementalist began the quest for the Orb.
     0 | D:1      | Reached XP level 1. HP: 10/10 MP: 3/3
   124 | D:1      | Found a viscous altar of Jiyva.
   124 | D:1      | Noticed a jelly
   124 | D:1      | Noticed a jelly
   124 | D:1      | Noticed a jelly
   134 | D:1      | Noticed a jelly
   192 | D:1      | Reached XP level 2. HP: 4/15 MP: 3/5
   412 | D:1      | Reached skill level 4 in Earth Magic
  1157 | D:1      | Reached XP level 3. HP: 19/19 MP: 7/7
  1162 | D:1      | Learned a level 3 spell: Stone Arrow
  1991 | D:2      | Reached skill level 1 in Conjurations
  1991 | D:2      | Reached XP level 4. HP: 21/24 MP: 5/8
  2263 | D:2      | Noticed Natasha
  2265 | D:2      | Noticed Sigmund
  2269 | D:2      | Killed Natasha
  2283 | D:2      | Mangled by Sigmund

Vault maps used:
D:1:      erik_arrival_cave_to_civilisation
D:2:      uniq_sigmund, uniq_natasha

Skill      XL: |  1  2  3 |
---------------+----------+-----
Earth Magic    | 4 |  4.8
Spellcasting   | 3 |  3.3
Conjurations   | 1 |  1.8
Dodging        | |  1.5
Stealth        | |  2.1
Transmutations | |  0.7

Action                   |  1- 3 |  4- 6 || total
-------------------------+-------+-------++-------
Melee: Club              |    20 |       ||    20
       Unarmed           |     5 |       ||     5
       Mace              |    34 |    16 ||    50
 Cast: Sandblast         |    26 |    21 ||    47
       Stone Arrow       |     3 |       ||     3
  Use: Scroll            |       |     4 ||     4
       Potion            |       |     1 ||     1
 Stab: Sleeping          |     2 |       ||     2
  Eat: Chunk             |     4 |     1 ||     5
Armor: Robe              |    24 |    13 ||    37
Dodge: Dodged            |    73 |    11 ||    84
